[Event "VIII Open Semana Santa 2024"]
[Site "San Vicente del Raspeig"]
[Date "2024.03.31"]
[Round "8.18"]
[White "Zylka, Stanislaw"]
[Black "Fernandez Guillen, Ernesto J."]
[Result "1-0"]
[ECO "D18"]
[WhiteElo "2401"]
[BlackElo "2471"]
[Annotator "TA"]
[PlyCount "73"]
[EventDate "2024.03.27"]
[EventType "swiss"]
[EventCountry "ESP"]
[SourceTitle "playchess.com"]
[Source "ChessBase"]
[SourceQuality "1"]
[TimeControl "5400+30"]

1. d4 d5 2. c4 c6 3. Nf3 Nf6 4. Nc3 dxc4 5. a4 Bf5 6. e3 e6 7. Bxc4 Nbd7 8. O-O Bd6 9. Qe2 {[%emt 0:04:30] e4 is the strong threat.} Bg4 10. e4 {[%emt 0:11:00] e5 would now be deadly.} e5 11. d5 c5 ({Black should play} 11... Qc7 $14) 12. h3 Bh5 13. Qd3 Bxf3 14. Qxf3 O-O 15. Bg5 h6 16. Bh4 a6 17. Rfd1 g6 18. Rd3 Kg7 19. Nd1 {[%emt 0:00:34][%cal Bc3d1,Bd1e3,Be3f5][%mdl 32] White is more active.} Qa5 20. Ne3 b5 $2 {[%emt 0:11:42] [#]} (20... Rab8 $16) 21. Nf5+ $1 $18 gxf5 {[%emt 0:02:25] [#]} (21... Kg8 22. Nxd6) 22. Qxf5 Be7 23. d6 Bd8 24. Bd5 ({Worse is} 24. Rg3+ Kh8 25. Bd5 Rb8 $11 (25... Nxd5 $2 26. Qg4 $18)) 24... Ra7 {[%emt 0:14:40] [#]} 25. Bc6 $1 {[%emt 0:00:27] A strong pair of Bishops.} Rg8 26. Bxd7 Nxd7 27. Be7 {[%emt 0:02:12] aiming for Rg3+.} (27. Rg3+ Kh8 28. Qxf7 Rxg3 29. fxg3 (29. Bxg3 Bf6 $16) 29... Bxh4 $18) 27... Nf8 28. Qf6+ Kh7 29. Bxd8 Qb4 30. Qf5+ Ng6 31. Bb6 c4 32. Rdd1 Rb7 {[%emt 0:00:38] [#]} 33. d7 $1 Rxb6 (33... Qe7 34. d8=Q) 34. d8=Q {[%emt 0:00:12] White mates.} Rb7 {[%emt 0:00:20] [#]} 35. Rd7 $1 Rxd7 36. Qdxd7 Rg7 {[%emt 0:00:13] [#]} 37. Qdxf7 $1 {[%emt 0:00:40] White took control after the opening.   Weighted Error Value: White=0.02 (flawless) /Black=0.64.  Loses game:     	---       	Black=1      Mistake:       	---       	Black=1      Inaccurate:     	---       	Black=4      OK:         	White=7     	Black=7      Best:        	White=2     	---        Strong:       	White=1     	---        Brilliant:      	White=1     	---} 1-0

[Event "VIII Open Semana Santa 2024"]
[Site "San Vicente del Raspeig"]
[Date "2024.03.31"]
[Round "8.19"]
[White "Balajayeva, Khanim"]
[Black "Garriga Cazorla, Pere"]
[Result "0-1"]
[ECO "B51"]
[WhiteElo "2350"]
[BlackElo "2460"]
[Annotator "TA"]
[PlyCount "62"]
[EventDate "2024.03.27"]
[EventType "swiss"]
[EventCountry "ESP"]
[SourceTitle "playchess.com"]
[Source "ChessBase"]
[SourceQuality "1"]
[TimeControl "5400+30"]

1. e4 c5 2. Nf3 d6 3. Bb5+ Nd7 4. O-O a6 5. Bd3 Ngf6 6. Re1 e6 7. Bf1 b6 8. d4 {[%emt 0:00:29] The position is equal.} cxd4 9. Nxd4 Bb7 10. Nd2 Be7 11. c4 O-O 12. a3 Rc8 13. b4 Re8 14. Bb2 Qc7 15. h3 Qb8 16. Qb3 Bd8 17. Rad1 Bc7 18. f4 Nf8 19. N4f3 Nh5 20. f5 h6 (20... exf5 $11 21. exf5 Nd7) 21. g4 (21. Be2 $14) 21... Nf4 $1 $11 22. Qe3 e5 23. Nb1 ({White should try} 23. h4 $15) 23... b5 $17 24. cxb5 (24. c5 $17) 24... Ba8 {[%emt 0:03:30] aiming for ...d5.} 25. bxa6 {[%emt 0:08:21] [#]} (25. Qb3 $142) 25... d5 $1 $19 {[%emt 0:04:33] Strongly threatening ...Bb6.} 26. a7 (26. Bxe5 $142 Bxe5 27. Nxe5 Qxe5 28. Qd4) 26... Qb7 {[%emt 0:00:27] ...Bb6 would now be deadly.} 27. Nxe5 Rxe5 28. Qxf4 (28. Bxe5 Bxe5 29. h4 (29. exd5 $2 Bc7 $19)) 28... Rxe4 29. Qd2 Qxa7+ 30. Kg2 d4 31. Kf2 d3+ {[%emt 0:00:34] Weighted Error Value: White=0.69/Black=0.06 (flawless) .  Mistake:       	White=6     	Black=1      Inaccurate:     	White=1     	---        OK:         	White=5     	Black=8      Best:        	White=1     	Black=3      Strong:       	---       	Black=1} 0-1

[Event "VIII Open Semana Santa 2024"]
[Site "San Vicente del Raspeig"]
[Date "2024.03.31"]
[Round "8.20"]
[White "Galiano Martinez, Antonio"]
[Black "Schulman, Julia"]
[Result "0-1"]
[ECO "B22"]
[WhiteElo "1921"]
[BlackElo "1732"]
[Annotator "RC"]
[PlyCount "136"]
[EventDate "2024.03.27"]
[EventType "swiss"]
[EventCountry "ESP"]
[SourceTitle "playchess.com"]
[Source "ChessBase"]
[SourceQuality "1"]
[TimeControl "5400+30"]

1. e4 c5 2. c3 d5 3. exd5 Qxd5 4. d4 g6 5. Na3 Bg7 6. Nf3 Nf6 7. Bc4 Qd8 8. O-O cxd4 9. Nxd4 O-O 10. Re1 a6 11. Nac2 Qc7 12. Ne3 b5 13. Be2 e5 14. Nf3 Bb7 15. a4 Rd8 16. Qb3 bxa4 17. Rxa4 e4 18. Nd4 Nd5 19. Bc4 Nf4 20. Rb4 Ra7 21. Ng4 Nd3 22. Bxd3 exd3 23. Bg5 Rf8 24. Re7 Qc5 25. Bf6 Bd5 26. Ne6 Rxe7 27. Bxe7 Qxe7 28. Qxd5 Qxe6 29. Qxd3 Qe1+ 30. Qf1 Qxf1+ 31. Kxf1 Nd7 32. Ne3 Rb8 33. Ra4 Rxb2 34. Rxa6 Bxc3 35. Rd6 Ne5 36. Rd5 Rb1+ 37. Nd1 f6 38. f4 Ng4 39. Ke2 Ba1 40. h3 Nh6 41. g4 f5 42. Ne3 Rb2+ 43. Kf3 Rb3 44. Ke2 fxg4 45. hxg4 Bb2 46. g5 Nf7 47. Ng4 Rb4 48. Kf3 Rb3+ 49. Ke4 Rb6 50. Ra5 Rb7 51. Ra8+ Kg7 52. Ra4 Nd6+ 53. Kd5 Nf5 54. Rc4 Rd7+ 55. Kc6 Re7 56. Kd5 Ne3+ 57. Nxe3 Rxe3 58. Rc7+ Kg8 59. Rc8+ Kf7 60. Rc2 Ba3 61. Rh2 Kg7 62. Rc2 Re7 63. Rc3 Bb4 64. Rc4 Bd2 65. Kd6 Rf7 66. Ke5 Rf5+ 67. Ke6 Bxf4 68. Ra4 Bxg5 0-1

[Event "VIII Open Semana Santa 2024"]
[Site "San Vicente del Raspeig"]
[Date "2024.04.01"]
[Round "9.2"]
[White "Yuffa, Daniil"]
[Black "Piorun, Kacper"]
[Result "1/2-1/2"]
[ECO "A21"]
[WhiteElo "2606"]
[BlackElo "2599"]
[Annotator "TA"]
[PlyCount "69"]
[EventDate "2024.03.27"]
[EventType "swiss"]
[EventCountry "ESP"]
[SourceTitle "playchess.com"]
[Source "ChessBase"]
[SourceQuality "1"]
[TimeControl "5400+30"]

1. c4 e5 2. g3 d6 3. Nc3 f5 4. d4 Be7 5. Bh3 c6 6. e4 (6. dxe5 $14 dxe5 7. Qxd8+ Kxd8 8. Nf3) 6... exd4 $1 $11 7. Qxd4 {[%emt 0:00:09] With the idea Bf4.} Bf6 8. Qd3 {[%emt 0:10:36] White is slightly better.} Bxc3+ 9. Qxc3 Nf6 10. exf5 O-O 11. Ne2 {[%emt 0:01:39] And now 0-0 would win. Active counter play!} Ne4 12. Qd4 (12. Qe3 {simplifies} Qa5+ 13. Nc3 Bxf5 14. Bxf5 Rxf5 15. O-O) 12... Bxf5 (12... Qa5+ $5 13. b4 Qxb4+ 14. Kf1 Nf6 $14) 13. Bxf5 Qa5+ 14. Nc3 Rxf5 15. O-O $36 {[%emt 0:00:25][%mdl 2048] White is pushing.} (15. Qxe4 Re5 16. O-O Rxe4 17. Nxe4 Nd7 $17) 15... Nxc3 16. bxc3 d5 17. Qg4 Rf8 18. Rb1 Qc7 19. Bf4 {[%emt 0:04:35] Black is weak on the dark squares} Qf7 20. Bd6 Re8 21. Rfd1 (21. Rfe1 $16 {Strongly threatening Rxe8+.} Na6 22. cxd5 cxd5 23. a4) 21... dxc4 22. Ba3 h5 23. Qh3 b6 24. Rd4 Na6 25. Rd7 Qg6 26. Rbd1 Re2 27. Qh4 Re4 28. f4 $1 Nc5 29. Bxc5 bxc5 30. Qg5 {[%emt 0:01:06] The position is equal.} (30. R1d6 {is interesting.} Qf5 31. Qg5 Re1+ 32. Kf2) 30... Qxg5 31. fxg5 Rg4 32. Rd8+ Rxd8 33. Rxd8+ Kh7 34. Rd7 Rxg5 35. Rxa7 {[%emt 0:00:21] Weighted Error Value: White=0.15 (very precise) /Black=0.08 (flawless) .  Mistake:       	White=1     	---        Inaccurate:     	White=2     	Black=4      OK:         	White=13    	Black=16     Best:        	White=1     	Black=4      Strong:       	White=1     	Black=1} 1/2-1/2

[Event "VIII Open Semana Santa 2024"]
[Site "San Vicente del Raspeig"]
[Date "2024.04.01"]
[Round "9.3"]
[White "Alexakis, Dimitris"]
[Black "Shuvalova, Polina"]
[Result "1-0"]
[ECO "C26"]
[WhiteElo "2448"]
[BlackElo "2455"]
[Annotator "TA"]
[PlyCount "105"]
[EventDate "2024.03.27"]
[EventType "swiss"]
[EventCountry "ESP"]
[SourceTitle "playchess.com"]
[Source "ChessBase"]
[SourceQuality "1"]
[TimeControl "5400+30"]

1. e4 e5 2. Nc3 Nf6 3. g3 d5 4. exd5 c6 5. dxc6 Nxc6 6. Bg2 Bg4 7. f3 (7. Bf3 $5 Qd7 8. Bxg4 Nxg4 9. h3 $11) 7... Bf5 {[%emt 0:02:04][%mdl 1024] Black has compensation.} 8. Ne4 {[%emt 0:05:46] Black has an edge.} h5 9. d3 Nd5 10. Nh3 Qb6 11. c3 {[%emt 0:00:44] Prevents Bb4} O-O-O 12. Qb3 Ne3 ({Better is} 12... Bb4 $15 13. Ke2 h4) 13. Qxb6 $11 Nxg2+ 14. Kf2 axb6 15. Kxg2 Rxd3 16. Nhf2 Rd7 17. b4 Be7 18. a4 Be6 19. Be3 f5 20. Ng5 Bc4 21. h4 Kc7 22. Rhd1 Rxd1 23. Nxd1 Ra8 24. Bf2 g6 25. Ne3 Bb3 26. Ra3 Bg8 (26... Rxa4 $2 27. Rxb3 Ra2 28. Nd5+ Kd8 29. Rb1 $18 (29. Nxb6 Bxg5 30. hxg5 Ke7 $18)) 27. Ra1 Bf6 28. Nd1 Rd8 29. Be3 Rd3 30. Kf2 {[%emt 0:00:02] [#]} (30. Nh3 $1 $15) 30... Bd5 (30... Ne7 $1 $17 {Strongly threatening ...Nd5.} 31. a5 bxa5 32. bxa5 Bb3) 31. Rc1 $15 {[%emt 0:00:23] Black must now prevent Nb2.} Bg8 32. Nb2 Rd8 33. a5 bxa5 $17 34. Na4 Kb8 {[%emt 0:02:45] ...b5 is the strong threat.} 35. b5 Ne7 (35... Bb3 $2 36. Nc5 Bd5 (36... Bxg5 $2 37. hxg5 Bd5 38. c4 $18) 37. c4 $18 (37. bxc6 Bxc6 38. c4 Rc8 $18)) 36. c4 Nc8 37. c5 Bb3 $2 {[%emt 0:00:30] [#]} (37... Be7 $17 38. b6 Bf8) 38. c6 $1 $14 bxc6 (38... Bxa4 39. c7+ Ka8 40. cxd8=Q (40. cxd8=R b6 41. Rdxc8+ Kb7 42. R1c7#) 40... b6 41. Rxc8+ Kb7 42. Qd7#) 39. Nc5 (39. Rxc6 Bxa4 (39... Rd6 40. Nc5 $11) 40. Rxf6 Bxb5 $17) 39... Bd5 (39... Bg8 $14 40. bxc6 Be7) 40. bxc6 $18 Bxg5 41. Na6+ (41. Bxg5 Rd6 $14) 41... Ka8 42. hxg5 {[%emt 0:00:38] Hoping for Rb1.} f4 $2 (42... a4 {keeps fighting.} 43. Rd1 Ne7) 43. Nc7+ Kb8 44. Na6+ (44. gxf4 $2 Kxc7 45. f5 Ne7 $19 (45... Bxc6 $2 46. Rc5 $19) (45... gxf5 $2 46. Bd2 $19)) 44... Ka8 45. gxf4 exf4 {[%emt 0:00:04] [#]} 46. Nc7+ $1 ({Less strong is} 46. Bxf4 Ka7 $18) 46... Kb8 47. Na6+ $2 (47. Bxf4 $18 {and the rest is easy. White wants to mate with Rb1+.} Bb3 48. Ne6+ Rd6 49. Nd4 (49. Bxd6+ Nxd6 50. Nd4 a4 $18)) 47... Ka8 $16 48. Nc7+ $2 (48. Bd2 $16 Bxf3 49. Bxf4) 48... Kb8 $18 49. Bxf4 {[%emt 0:00:04] Rb1+ would kill now.} Ka7 50. Rb1 (50. Be3+ $142 Nb6 51. Nxd5 (51. Rd1 Bxf3 52. Rxd8 Bxc6 $18) 51... Ka6 52. Bxb6 (52. Nxb6 Kb5 53. c7 Rg8 54. c8=Q Rxc8 55. Nxc8 h4 56. Ne7 Kb4 57. Nxg6 h3) 52... Rc8 53. Rc5 Rxc6 54. Rxc6 Kb7 55. Rc5 (55. Rxg6 Ka6 56. Bd4+ Kb7 57. Rb6+ Kc8 58. g6 Kd8 59. g7 Kd7 60. Nf6+ Kd8 61. g8=Q+ Ke7 62. Qe8#)) 50... Bxc6 {[%emt 0:01:43] White is clearly winning.} 51. Be3+ Nb6 52. Rxb6 {[%emt 0:00:12] White threatens Rb4+ and mate.} Rd2+ 53. Ke1 {[%emt 0:00:15] Weighted Error Value: White=0.40/Black=0.48.  Loses game:     	---       	Black=4      Mistake:       	White=2     	Black=4      Inaccurate:     	White=5     	Black=6      OK:         	White=18    	Black=18     Best:        	White=4     	Black=2      Strong:       	White=2     	---} 1-0

[Event "VIII Open Semana Santa 2024"]
[Site "San Vicente del Raspeig"]
[Date "2024.04.01"]
[Round "9.5"]
[White "Xiao, Tong(Qd)"]
[Black "Heimann, Mark"]
[Result "1/2-1/2"]
[ECO "C65"]
[WhiteElo "2484"]
[BlackElo "2435"]
[Annotator "RC"]
[PlyCount "36"]
[EventDate "2024.03.27"]
[EventType "swiss"]
[EventCountry "ESP"]
[SourceTitle "playchess.com"]
[Source "ChessBase"]
[SourceQuality "1"]
[TimeControl "5400+30"]

1. e4 e5 2. Nf3 Nc6 3. Bb5 Nf6 4. d3 Bc5 5. c3 O-O 6. O-O d5 7. Nbd2 dxe4 8. dxe4 a5 9. Qc2 Qe7 10. a4 Nb8 11. Be2 Rd8 12. Nc4 Nbd7 13. Bg5 b6 14. Rfe1 Bb7 15. Bf1 Qe6 16. h3 Be7 17. Bxf6 Qxf6 18. Ne3 Nc5 1/2-1/2

[Event "VIII Open Semana Santa 2024"]
[Site "San Vicente del Raspeig"]
[Date "2024.04.01"]
[Round "9.6"]
[White "Vega Gutierrez, Sabrina"]
[Black "Ivanchuk, Vasyl"]
[Result "0-1"]
[ECO "B47"]
[WhiteElo "2382"]
[BlackElo "2625"]
[Annotator "TA"]
[PlyCount "78"]
[EventDate "2024.03.27"]
[EventType "swiss"]
[EventCountry "ESP"]
[SourceTitle "playchess.com"]
[Source "ChessBase"]
[SourceQuality "1"]
[TimeControl "5400+30"]

1. e4 c5 2. Nf3 Nc6 3. d4 cxd4 4. Nxd4 e6 5. Nc3 Qc7 6. g3 a6 7. Bg2 Nf6 8. O-O h5 9. Re1 Nxd4 10. Qxd4 {[%emt 0:00:07] Threatens to win with e5.} Bc5 {[%emt 0:00:42] The position is equal.} 11. Qd2 Ng4 12. Nd1 d6 13. Qc3 Qb6 14. Ne3 (14. Qxg7 $14 Bxf2+ (14... Bd4 15. e5 $16) 15. Kh1) 14... e5 $11 15. h3 Nxe3 16. Bxe3 Be6 17. Bxc5 Qxc5 18. Qd2 Rc8 19. c3 h4 20. g4 f6 21. Re3 Ke7 22. b3 b5 23. g5 Rh5 24. gxf6+ gxf6 25. Kh2 Rg5 26. Rd1 Rc6 27. Bf3 a5 28. Bg4 Bxg4 29. hxg4 Rxg4 30. Qe2 Rf4 31. Rd5 Qb6 {[%emt 0:00:38][%cal Oc6c3] [#] ...Rxc3! would now be deadly.} 32. Rxb5 Rxf2+ $1 33. Qxf2 Qxb5 {[%emt 0:00:03][%mdl 4096] Endgame. KQR-KQR} 34. Rh3 d5 35. exd5 Qxd5 {[%emt 0:00:05] And now ...Rd6 would win.} 36. Rxh4 $2 (36. c4 $1 $11 Qd1 37. Qxh4) 36... Rxc3 $19 {[%emt 0:04:54] ...Qd3 is the strong threat.} 37. Rh6 (37. Rc4 {was worth a try.} Rd3 (37... Rxc4 $2 38. bxc4 Qd4 39. Qc2 $19) 38. Qa7+ Ke6 39. Qb6+ Kf5 40. Rc2 Rh3+ 41. Kxh3 Qd3+ 42. Kh4 Qxc2 43. Kg3 Qc3+ (43... Qxa2 $2 44. Qb7 $17) 44. Kg2) 37... Qf3 38. Rh7+ Ke6 39. Qd2 {[%emt 0:00:51] [#]} (39. Qxf3 $19 Rxf3 40. Kh1) 39... Qc6 {[%emt 0:02:47] Weighted Error Value: White=0.42/Black=0.06 (flawless) .  Loses game:     	White=1     	---        Mistake:       	White=3     	---        Inaccurate:     	---       	Black=1      OK:         	White=9     	Black=9      Best:        	---       	Black=2      Strong:       	---       	Black=1} 0-1

[Event "VIII Open Semana Santa 2024"]
[Site "San Vicente del Raspeig"]
[Date "2024.04.01"]
[Round "9.7"]
[White "Movsziszian, Karen"]
[Black "Lamard, Guillaume"]
[Result "1-0"]
[ECO "C00"]
[WhiteElo "2439"]
[BlackElo "2483"]
[Annotator "TA"]
[PlyCount "119"]
[EventDate "2024.03.27"]
[EventType "swiss"]
[EventCountry "ESP"]
[SourceTitle "playchess.com"]
[Source "ChessBase"]
[SourceQuality "1"]
[TimeControl "5400+30"]

1. g3 d5 2. Nf3 Nf6 3. Bg2 e6 4. O-O Be7 5. d3 O-O 6. Nbd2 c5 7. e4 Nc6 8. a4 h6 $146 {[%emt 0:00:21] C00: French: Unusual White 2nd moves.} ({Predecessor:} 8... Qc7 9. Re1 dxe4 10. dxe4 e5 11. c3 Be6 12. Ng5 Bg4 13. Qc2 h6 14. Ngf3 Be6 15. b3 {½-½ Dardha,D (2631)-Svane,F (2600) Maastricht Limburg op 15th 2023 (7)}) 9. c3 b6 10. Re1 Ba6 11. e5 Nd7 12. Nf1 Qc7 13. Qe2 Rae8 14. h4 f6 15. exf6 Bxf6 16. N1h2 e5 17. Qc2 Qd6 18. Ng4 Bd8 19. Nd2 e4 20. dxe4 d4 21. Nf1 Qg6 22. Ngh2 Nde5 23. f4 Nd3 24. Rd1 c4 25. b3 Nc5 (25... dxc3 $15 26. bxc4 Ncb4 27. Qxc3 Bf6) 26. cxd4 cxb3 (26... Nxb3 $11 27. Bb2 Bf6 (27... Nxa1 28. Bxa1 Nb4 29. Qc3 $14)) 27. Qb1 $1 $16 Nxe4 28. Qxb3+ ({White should try} 28. Re1 $1 $14 Bf6 29. Rxe4 Nxd4 (29... Bxd4+ 30. Rxd4 Qxb1 31. Rxb1 $11) 30. Bb2 Rxe4 31. Bxe4) 28... Kh8 $11 29. Ba3 {[%emt 0:00:30] [#]} (29. Qb1 $11 {keeps the balance.} Bf6 30. Bb2) 29... Bf6 $1 $17 30. Bb2 (30. Bxf8 $2 Nxd4 31. Rxd4 Bxd4+ 32. Kh1 Bxa1 $19) 30... Na5 (30... Be2 $17 {[%cal Oa7a5] Strongly threatening ...a5!} 31. Rac1 Bxd1 32. Rxd1 a5) 31. Qc2 $15 Nc4 (31... Bxh4 {feels hotter.} 32. Re1 Bxg3 33. Rxe4 Bf2+) 32. Ba3 Nxa3 33. Rxa3 Qh7 (33... Qh5 $14 34. Bf3 (34. Bxe4 Rxe4 35. Nf3 Bb7 $17) 34... Qf5 (34... Qd5 35. Re3 $16)) 34. Ng4 $16 Bxf1 35. Bxf1 ({Don't do} 35. Rxf1 Bxd4+ 36. Kh2 Nc5 $14) (35. Nxf6 {simplifies} Nxf6 36. Qxh7+ Kxh7 37. Bxf1 Rc8 38. Bd3+) 35... Qf5 36. Nxf6 Qxf6 37. Re3 Nd6 38. Re5 Nf7 39. Rxe8 Rxe8 40. Bg2 Nd6 41. Kh2 Re3 42. d5 h5 43. Rc1 Qf7 44. Qd2 Qe7 (44... Qe8 $16 {was called for.}) 45. Rc6 $18 Re2 46. Qd3 Ra2 47. Qf3 (47. Rc2 $18 Rxc2 48. Qxc2) 47... g6 $2 {[%emt 0:00:36][%mdl 8192] [#]} (47... Kg8 $16 {is tougher.} 48. Rc3 (48. Qxh5 $2 {too greedy.} Qe4 $19) 48... Qf7) 48. Qc3+ $1 $18 Kg8 49. Qe5 Qxe5 50. fxe5 Nf5 51. Kh3 (51. Rxg6+ Kh7 52. Rg5 Ne3 53. Rxh5+ Kg7 $16) 51... Ne3 52. d6 Kf7 53. d7 Ke7 54. e6 Rd2 (54... Rxg2 $142 55. Rc8 Rd2 56. Re8+ Kf6 57. d8=Q+ (57. d8=B+ Ke5 $11) 57... Rxd8 58. Rxd8 Ng4) 55. Rc8 $18 Nxg2 56. Re8+ Kf6 57. d8=Q+ Rxd8 58. Rxd8 Ne3 59. Rf8+ Ke7 60. Rg8 1-0

[Event "VIII Open Semana Santa 2024"]
[Site "San Vicente del Raspeig"]
[Date "2024.04.01"]
[Round "9.8"]
[White "Labiano Hernandez, Juan"]
[Black "Urazayev, Arystanbek"]
[Result "*"]
[ECO "B32"]
[WhiteElo "2362"]
[BlackElo "2476"]
[Annotator "TA"]
[PlyCount "37"]
[EventDate "2024.03.27"]
[EventType "swiss"]
[EventCountry "ESP"]
[SourceTitle "playchess.com"]
[Source "ChessBase"]
[SourceQuality "1"]
[TimeControl "5400+30"]

1. e4 c5 2. Nf3 Nc6 3. d4 cxd4 4. Nxd4 e5 5. Nb5 d6 6. c4 g6 7. N1c3 {[%emt 0:01:07] [#] Nd5 would now be deadly.} a6 8. Na3 Be6 {[%emt 0:00:00] White has an edge.} 9. Be3 f5 10. exf5 gxf5 11. Nd5 Bxd5 12. Qxd5 {[%emt 0:00:32] White wants to play Qe6+.} f4 13. Bd2 Nf6 14. Qe6+ Qe7 15. Qxe7+ Bxe7 {[%emt 0:00:00] The position is equal.} 16. Nc2 O-O-O 17. g3 d5 18. cxd5 Nxd5 19. Bg2 {[%emt 0:04:57] Weighted Error Value: White=0.05 (flawless) /Black=0.06 (flawless) .  Inaccurate:     	White=1     	---        OK:         	White=5     	Black=4      Best:        	White=1     	Black=1} *

[Event "VIII Open Semana Santa 2024"]
[Site "San Vicente del Raspeig"]
[Date "2024.04.01"]
[Round "9.9"]
[White "Garriga Cazorla, Pere"]
[Black "Patrelakis, Evaggelos"]
[Result "0-1"]
[ECO "A09"]
[WhiteElo "2460"]
[BlackElo "2430"]
[Annotator "TA"]
[PlyCount "104"]
[EventDate "2024.03.27"]
[EventType "swiss"]
[EventCountry "ESP"]
[SourceTitle "playchess.com"]
[Source "ChessBase"]
[SourceQuality "1"]
[TimeControl "5400+30"]

1. Nf3 d5 2. c4 d4 3. g3 Nc6 4. Bg2 e5 5. d3 Bb4+ 6. Nbd2 a5 7. O-O Nf6 8. Ne1 O-O {[%emt 0:03:41] Black is slightly better.} 9. Nc2 Bc5 10. Nb3 Be7 11. Bg5 h6 12. Bxf6 Bxf6 13. e3 a4 14. Nc5 Be7 15. exd4 exd4 16. Ne4 Be6 17. Qh5 Ra5 18. Qe2 Qd7 19. f4 b5 20. cxb5 (20. b3 $11 {keeps the balance.}) 20... Rxb5 $17 21. Na3 Rb6 {[%emt 0:08:02] Black is more active.} 22. Rac1 {[%emt 0:11:31] [#]} Rfb8 $1 23. Nd2 Na5 ({But not} 23... Bxa2 $6 24. Nac4 Nb4 25. Nxb6 cxb6 26. Be4 $11) 24. Nac4 Nxc4 25. Nxc4 Bxc4 26. Rxc4 Rxb2 27. Rc2 {[%emt 0:00:01] [#]} a3 28. Rfc1 (28. Rf2 $17) 28... Bd6 $19 29. Be4 $2 {[%emt 0:03:50] White is weak on the dark squares} (29. Qe4) 29... Qe6 30. Ra1 g6 31. Qg2 $2 (31. Qf2) 31... Rxc2 32. Qxc2 Rb2 33. Qc6 Rxa2 $2 (33... Qg4 $19 {[%cal Og4e2] is more deadly. ...Qe2! would now be deadly.} 34. Bf3 Qh3) 34. Rxa2 $17 Qxa2 $19 {[%emt 0:00:03][%mdl 4096] Endgame. KQB-KQB} 35. Bd5 Qe2 {[%emt 0:12:59] Prevents Qe8+.} 36. Qd7 Qe7 ({Stronger than} 36... Qxd3 37. Qxf7+ Kh8 38. Qg8#) 37. Qxe7 (37. Qa4 $17) 37... Bxe7 $17 {[%emt 0:00:04] KB-KB} 38. g4 $2 (38. Kg2) 38... Bd6 $19 39. f5 gxf5 40. gxf5 (40. h3 $142) 40... Kf8 41. Kg2 (41. f6 $142) 41... Ke7 42. h3 Bf4 43. Kf3 Be3 44. Ba2 f6 {[%emt 0:00:39] Strongly threatening ...Kd6.} 45. Ke2 Kd6 46. Be6 Ke5 {[%emt 0:00:18] Threatens to win with ...Kf4.} 47. Kf3 Bg5 {[%emt 0:01:03] And now ...h5 would win.} 48. Kg4 Be3 (48... Kd6 $142 49. Kh5 Ke5) 49. Kf3 $1 h5 {[%emt 0:00:19] Black is clearly winning.} 50. h4 Bd2 51. Ke2 Bc3 52. Kf3 Be1 {[%emt 0:00:07] Weighted Error Value: White=0.77/Black=0.25 (precise) .  Missed win:     	---       	Black=1      Mistake:       	White=8     	---        Inaccurate:     	White=3     	Black=2      OK:         	White=13    	Black=11     Best:        	White=1     	Black=2} 0-1

[Event "VIII Open Semana Santa 2024"]
[Site "San Vicente del Raspeig"]
[Date "2024.04.01"]
[Round "9.10"]
[White "Marin, Mihail"]
[Black "Zylka, Stanislaw"]
[Result "1/2-1/2"]
[ECO "A07"]
[WhiteElo "2456"]
[BlackElo "2401"]
[Annotator "TA"]
[PlyCount "20"]
[EventDate "2024.03.27"]
[EventType "swiss"]
[EventCountry "ESP"]
[SourceTitle "playchess.com"]
[Source "ChessBase"]
[SourceQuality "1"]
[TimeControl "5400+30"]

1. Nf3 d5 2. g3 g6 3. Bg2 Bg7 4. O-O e5 5. d3 Ne7 6. e4 O-O {[%emt 0:00:34] The position is equal.} 7. c3 a5 8. a4 Nbc6 9. Na3 h6 10. Nb5 Be6 {[%emt 0:01:57] Not much happened in this game.   Weighted Error Value: White=0.08 (flawless) /Black=0.06 (flawless) .  OK:         	White=1     	Black=2} 1/2-1/2

[Event "VIII Open Semana Santa 2024"]
[Site "San Vicente del Raspeig"]
[Date "2024.04.01"]
[Round "9.11"]
[White "Ghazarian, Kirk"]
[Black "Merario Alarcon, Andres"]
[Result "1/2-1/2"]
[ECO "D30"]
[WhiteElo "2454"]
[BlackElo "2401"]
[Annotator "TA"]
[PlyCount "26"]
[EventDate "2024.03.27"]
[EventType "swiss"]
[EventCountry "ESP"]
[SourceTitle "playchess.com"]
[Source "ChessBase"]
[SourceQuality "1"]
[TimeControl "5400+30"]

1. Nf3 d5 2. g3 Nf6 3. Bg2 e6 4. O-O Be7 5. c4 c5 6. cxd5 exd5 7. d4 Nc6 8. dxc5 Bxc5 9. a3 Ne4 10. b4 Be7 11. Bb2 Bf6 12. Bxf6 Qxf6 13. Ra2 O-O {[%emt 0:01:21] An uneventful encounter.   Weighted Error Value: White=0.12 (very precise) /Black=0.00 (flawless) .  OK:         	---       	Black=3} 1/2-1/2